 Dungeon Crawl Stone Soup version 0.28.0-47-ge53b351184 (webtiles) character file.

Game seed: 7246272841593674288

18 Antesink77 the Digger (level 2, -12/24 HPs)
             Began as a Troll Earth Elementalist on May 7, 2022.
             Mangled by a kobold
             ... wielding a +0 dagger of electrocution
              (17 damage)
             ... on level 1 of the Dungeon.
             The game lasted 00:07:18 (590 turns).

Antesink77 the Digger (Troll Earth Elementalist)     Turns: 590, Time: 00:07:19

Health: -12/24     AC:  4    Str: 13    XL:     2   Next: 51%
Magic:  3/3        EV:  8    Int: 11    God:
Gold:   43         SH:  6    Dex: 10    Spells: 2/3 levels left

rFire   . . .      SeeInvis .   a - +1 whip (vamp)
rCold   . . .      Faith    .   e - +0 kite shield
rNeg    . . .      Spirit   .   b - +0 robe
rPois   .          Reflect  .   (helmet restricted)
rElec   .          Harm     .   (no cloak)
rCorr   .          Rampage  .   (gloves unavailable)
Will    .....      Clarity  +   (boots unavailable)
Stlth   +.........              (no amulet)
HPRegen 0.88/turn               (no ring)
MPRegen 0.08/turn               (no ring)

@: no status effects
A: large, unfitting armour, claws 3, regeneration 1, shaggy fur 1, tough skin 1,
clarity, sense surroundings 1, weak 1
a: no special abilities


You were on level 1 of the Dungeon.
You visited 1 branch of the dungeon, and saw 1 of its levels.

You collected 43 gold pieces.

Inventory:

Hand Weapons
 a - a +1 vampiric whip (weapon)
Missiles
 c - 30 stones
Armour
 b - a +0 robe (worn)
 e - a +0 kite shield (worn)
Potions
 d - a potion of cancellation {unknown}
 f - a potion of lignification {unknown}


   Skills:
 + Level 0.2 Maces & Flails
 + Level 1.7 Dodging
 + Level 1.1 Stealth
 + Level 1.3 Spellcasting
 + Level 0.6 Transmutations
 + Level 3.2 Earth Magic


You had 2 spell levels left.
You knew the following spells:

 Your Spells              Type           Power      Damage    Failure   Level
a - Sandblast             Erth           14%        2d6       22%         1

Your spell library contained the following spells:

 Spells                   Type           Power      Damage    Failure   Level
 Passwall                 Tmut/Erth      3%         N/A       50%         2
 Magic Dart               Conj           0%         1d3       63%         1
 Call Imp                 Summ           0%         N/A       77%         2
 Stone Arrow              Conj/Erth      8%         3d7       78%         3
 Frozen Ramparts          Ice            0%         1d2       94%         3
 Mephitic Cloud           Conj/Pois/Air  0%         N/A       94%         3
 Petrify                  Tmut/Erth      4%         N/A       98%         4
 Ice Form                 Ice/Tmut       1%         N/A       100%        4
 Summon Ice Beast         Ice/Summ       0%         N/A       100%        4


Dungeon Overview and Level Annotations

Branches:
Dungeon (1/15)

Altars:


Innate Abilities, Weirdness & Mutations

You are too large for most types of armour.
You have claws for hands.
Your natural rate of healing is unusually fast.
You are covered in fur. (AC +1)
You have tough skin. (AC +1)
You possess an exceptional clarity of mind.
You passively map a small area around you.
You are weak. (Str -2)


Message History

You see here a rat corpse.
You see here a +0 leather armour.
Found a book of Rime.
You pick up a book of Rime and begin reading...
You add the spells Frozen Ramparts, Ice Form and Summon Ice Beast to your library.
A bat comes into view.
The bat hits you but does no damage.
You hit the bat.
You kill the bat!
Found a kite shield.
Found an escape hatch in the floor.
Found a stone staircase leading down.
There is a stone staircase leading down here.
There is a stone staircase leading down here.
You see here a +0 kite shield.
You see here a +0 kite shield.
You see here a +0 kite shield.
e - a +0 kite shield You start putting on your armour.
You continue putting on your +0 kite shield. x4
You finish putting on your +0 kite shield.
Things that are here:
a +0 dagger; a goblin corpse A kobold comes into view.
It is wielding a +0 dagger of electrocution.
The kobold shouts!
The kobold throws a stone.
The stone closely misses you.
The kobold throws a stone.
The stone hits you.
The kobold hits you with a +0 dagger of electrocution.
You miss the kobold.
The kobold hits you with a +0 dagger of electrocution.
You are electrocuted!!
Ouch! That really hurt!
* * * LOW HITPOINT WARNING * * *
You barely miss the kobold. The kobold barely misses you.
You closely miss the kobold. You block the kobold's attack.
You closely miss the kobold.
The kobold hits you with a +0 dagger of electrocution.
* * * LOW HITPOINT WARNING * * *
You are electrocuted!
Ouch! That really hurt!
You die...

*###########....##........+8.8'..
***********#######........#...#..
,,,,,,,,,,,* #...⌠....##'##..
,,,,,,,,,,,* ##..............
,,,,,,,,,,,* #######....<....
,,,,,,,,,,,* #.....##.......#
,,,,,,,,,,,* #.###.##########
,,,,,,,,,,,* ####.# #.#
.,,,,,,,,,,** #K@..# #.##########
,,,,,,***,,,**#.######.#.........
,,,,,,*,+,,,,...* #...#.########
,,,,,,*,*,,,####* #.###.........
,,,,,,*,*,,,* #.# ##########
,,,,,,+,*,,,*******#.# #......
,,,,,,******,,,,,,,#.# #.#####
******* *,,,,,,,#.######.#....
*,,,,...#....)..†...##


You could see a kobold.

Vanquished Creatures
  A ball python (D:1)
  An endoplasm (D:1)
  A giant cockroach (D:1)
  3 goblins (D:1)
  4 kobolds (D:1)
  A quokka (D:1)
  3 bats (D:1)
  2 frilled lizards (D:1)
  2 rats (D:1)
18 creatures vanquished.

Notes
Turn   | Place    | Note
-------+----------+-------------------------------------------
     0 | D:1      | Antesink77 the Troll Earth Elementalist began the quest for
                  | the Orb.
     0 | D:1      | Reached XP level 1. HP: 16/16 MP: 1/1
   184 | D:1      | Reached skill level 3 in Earth Magic
   253 | D:1      | Reached XP level 2. HP: 23/24 MP: 3/3
   276 | D:1      | Gained mutation: You are weak. (Str -2) [potion of
                  | mutation]
   276 | D:1      | Gained mutation: You possess an exceptional clarity of
                  | mind. [potion of mutation]
   276 | D:1      | Gained mutation: You passively map a small area around you.
                  | [potion of mutation]
   590 | D:1      | Mangled by a kobold

Illustrated notes

Levels and vault maps discovered:
D:1:      giann_wishing_wells, layout_basic, amcnicky_mini_pool_small,
          minmay_tromino_mix6

Skill      XL: |  1 |
---------------+----+-----
Earth Magic    | 3 |  3.2
Maces & Flails | |  0.2
Dodging        | |  1.7
Stealth        | |  1.1
Spellcasting   | |  1.3
Transmutations | |  0.6

Action                   || total
-------------------------++-------
Melee: Whip              ||    49
       Unarmed           ||     4
       Punch             ||     2
  Use: Scroll            ||     1
       Potion            ||     1
Armor: Robe              ||    21
Dodge: Dodged            ||    26
Block: Kite shield       ||     1
